AoeStats
← VeteRocha

Arabian Desert

509705102Analyzed
1v1 RM · 4d ago on Sep 27, 2026· 20m 25s· 2 players
Game mode
Random Map
Map size
Tiny (2 player)
Population
200
Speed
Normal
Resources
Standard
Victory
Conquest
Starting age
Dark Age
Ending age
Imperial Age
RankedLock teamsTeams togetherTeam positionsShared explorationLock speedFull tech treeHidden civsTurbo modeCheats
Victory
Defeat
🇦🇷 Portuguese · Argentina
1071
+16
🇩🇰 Varangians · Denmark
1068
-16
MRathS
11:59 Feudal Age
16:11 Castle Age
16:15 Forging
VeteRocha
7:32 Loom
10:49 Feudal Age
11:29 Gold Mining
16:20 Castle Age
16:26 Castle Age
Connection lost

Rejoining the realm…

Still unreachable

The connection could not be restored.

Session expired

The server has moved on; the page needs a fresh start.